 Dungeon Crawl Stone Soup version 0.29-a0-789-g7a8fcbc185 (webtiles) character file.

Game seed: 14767748009520724815

114 kevlar127 the Ruffian (level 4, -3/45 HPs)
             Began as a Troll Berserker on July 2, 2022.
             Was a Believer of Trog.
             Slain by a gnoll
             ... wielding a +1 halberd of freezing
              (12 damage)
             ... on level 3 of the Dungeon.
             The game lasted 00:04:54 (1521 turns).

kevlar127 the Ruffian (Troll Berserker)             Turns: 1521, Time: 00:04:56

Health: -3/45      AC:  4    Str: 27    XL:     4   Next: 66%
Magic:  3/3        EV: 10    Int:  3    God:    Trog [**....]
Gold:   59         SH:  0    Dex:  9    Spells: 3/3 levels left

rFire   . . .      SeeInvis .     - Unarmed
rCold   . . .      Faith    .   (no shield)
rNeg    . . .      Spirit   .   a - +0 animal skin
rPois   .          Reflect  .   (helmet restricted)
rElec   .          Harm     .   (no cloak)
rCorr   .          Rampage  .   (gloves unavailable)
Will    +++..                   (boots unavailable)
Stlth   +.........              d - amulet of the acrobat
HPRegen 1.95/turn               i - ring of willpower
MPRegen 0.08/turn               (no ring)

@: strong-willed, regenerating
A: large, unfitting armour, claws 3, regeneration 1, shaggy fur 1, tough skin 1
a: Renounce Religion, Berserk, Trog's Hand


You were on level 3 of the Dungeon.
You worshipped Trog.
Trog was pleased with you.
You visited 1 branch of the dungeon, and saw 3 of its levels.

You collected 59 gold pieces.

Inventory:

Missiles
 j - 3 atropa-tipped darts (quivered)
 k - 30 stones
Armour
 a - a +0 animal skin (worn)
Jewellery
 d - an amulet of the acrobat (around neck)
 i - a ring of willpower (left claw)
Scrolls
 b - 2 scrolls of teleportation {unknown}
 e - 3 scrolls of identify {unknown}
 m - 2 scrolls of summoning {unknown}
 n - a scroll of poison {unknown}
Potions
 c - 3 potions of curing {unknown}
 f - a potion of berserk rage {unknown}
 g - 3 potions of flight {unknown}
 h - 2 potions of lignification {unknown}
 l - a potion of invisibility {unknown}


   Skills:
 + Level 3.4 Fighting
 - Level 3.0 Dodging
 + Level 4.1 Unarmed Combat


You had 3 spell levels left.
You didn't know any spells.
Your spell library was empty.

Dungeon Overview and Level Annotations

Branches:
Dungeon (3/15)

Altars:

Shops:
D:2 (


Innate Abilities, Weirdness & Mutations

You are too large for most types of armour.
You have claws for hands.
Your natural rate of healing is unusually fast.
You are covered in fur. (AC +1)
You have tough skin. (AC +1)


Message History

You are too injured to fight recklessly!
You are too injured to fight recklessly!
You are too injured to fight recklessly!
You are too injured to fight recklessly!
You are too injured to fight recklessly!
You are too injured to fight recklessly!
You are too injured to fight recklessly!
You are too injured to fight recklessly!
You are too injured to fight recklessly!
You are too injured to fight recklessly!
You are too injured to fight recklessly!
You are too injured to fight recklessly!
You are too injured to fight recklessly!
You are too injured to fight recklessly!
You are too injured to fight recklessly!
You are too injured to fight recklessly!
You are too injured to fight recklessly!
You are too injured to fight recklessly!
You are too injured to fight recklessly!
You are too injured to fight recklessly!
You are too injured to fight recklessly!
You are too injured to fight recklessly!
You are too injured to fight recklessly!
You are too injured to fight recklessly!
You are too injured to fight recklessly!
You are too injured to fight recklessly!
You are too injured to fight recklessly!
You are too injured to fight recklessly!
You are too injured to fight recklessly!
You are too injured to fight recklessly!
You are too injured to fight recklessly!
You are too injured to fight recklessly!
You are too injured to fight recklessly!
Your skin crawls.
You feel strong-willed.
The gnoll hits you from afar with a +0 halberd!
* * * LOW HITPOINT WARNING * * *
The gnoll closely misses you.
The gnoll hits you from afar with a +1 halberd of freezing!
You die...

###....# #....# .
#....#
..###....####.##
.....(.........##
........######...
........##.......
.................
#######..@......#
#..)g.....#
#..gg.....#
#....g.....
#..........
#........".
#.........#
####......#


You could see 3 gnolls and a goblin.

Vanquished Creatures
  Robin (D:2)
  A gnoll (D:3)
  An adder (D:3)
  3 worms (D:2)
  2 dart slugs (D:2)
  8 bats
  7 endoplasms
  2 giant cockroaches
  10 goblins
  7 hobgoblins
  4 jackals
  2 kobolds
  3 quokkas (D:2)
  3 ball pythons
  5 frilled lizards
  8 rats
67 creatures vanquished.

Notes
Turn   | Place    | Note
-------+----------+-------------------------------------------
     0 | D:1      | kevlar127 the Troll Berserker began the quest for the Orb.
     0 | D:1      | Reached XP level 1. HP: 22/22 MP: 0/0
    85 | D:1      | Found a faded altar of an unknown god.
   170 | D:1      | Reached XP level 2. HP: 24/29 MP: 1/1
   684 | D:2      | Reached ** piety under Trog
   685 | D:2      | Reached XP level 3. HP: 33/36 MP: 2/2
  1111 | D:2      | Noticed Robin
  1125 | D:2      | Reached XP level 4. HP: 34/45 MP: 3/3
  1129 | D:2      | Killed Robin
  1294 | D:2      | Found Jacac's Antique Weapon Shop.
  1455 | D:3      | Reached skill level 4 in Unarmed Combat
  1521 | D:3      | Slain by a gnoll

Illustrated notes

Levels and vault maps discovered:
D:1:      dpeg_arrival_arbitrary_a, layout_rooms, ebering_ecumenical_altar_webs
D:2:      layout_loops_cross, serial_shops, shop_fountains, uniq_robin
D:3:      layout_basic

Skill      XL: |  1  2  3  4 |
---------------+-------------+-----
Dodging        | 3 |  3.0
Fighting       | 3 |  3.4
Unarmed Combat | 4 |  4.1

Action                   |  1- 3 |  4- 6 || total
-------------------------+-------+-------++-------
Melee: Unarmed           |   118 |    33 ||   151
       Punch             |     3 |       ||     3
Invok: Trog's Hand       |     1 |     1 ||     2
       Berserk           |     1 |       ||     1
 Stab: Sleeping          |     1 |       ||     1
Armor: Animal skin       |    48 |     5 ||    53
Dodge: Dodged            |   100 |    18 ||   118

Table legend: (Time is in decaauts)
 A = Elapsed time spent in this place.
 B = Non-inter-level travel time spent in this place.
 C = Inter-level travel time spent in this place.
 D = Time resting spent in this place.
 E = Time spent auto-exploring this place.
 F = Levels seen in this place.
 G = Mean time per level.
                   A        B        C        D        E       F      G
               +--------+--------+--------+--------+--------+-----+--------+
         Total |   1522 |   1372 |    150 |     58 |    960 |   3 |  507.3 |
       Dungeon |   1522 |   1372 |    150 |     58 |    960 |   3 |  507.3 |
               +--------+--------+--------+--------+--------+-----+--------+

Top non-repeatable levels by time:
     D:2: 737 daAuts
     D:1: 663 daAuts
     D:3: 121 daAuts
